 Dungeon Sprint DCSS version 0.31.0-12-g77e489cdc1 (webtiles) character file.

Game seed: 10904705710832066306

223 Heoruswealwe the Fighter (level 5, 30/53 HPs)
             Began as a Minotaur Fighter on Feb 15, 2024.
             Got out of the dungeon alive.
             The game lasted 00:00:53 (69 turns).

Heoruswealwe the Fighter (Minotaur Fighter)           Turns: 69, Time: 00:00:54

Health: 30/53      AC:  8    Str: 23    XL:     5   Next: 66%
Magic:  4/4        EV: 10    Int:  5    God:
Gold:   0          SH:  5    Dex:  9    Spells: 4/4 levels left

rFire   . . .        a - +0 trident
rCold   . . .        m - +0 buckler
rNeg    . . .        d - +0 scale mail
rPois   .            (helmet restricted)
rElec   .            (no cloak)
rCorr   .            (no gloves)
SInv    .            (no boots)
Will    .....        (no amulet) Stlth
                     (no ring)
HPRegen 0.28/turn    (no ring)
MPRegen 0.09/turn

%: no teleportation
@: no status effects
A: horns 2, retaliatory headbutt
a: no special abilities


You escaped.
You visited 1 branch

Inventory:

Hand Weapons
 a - a +0 trident (weapon)
Armour
 d - a +0 scale mail (worn)
 m - a +0 buckler (worn)
Scrolls
 j - a scroll of blinking
Potions
 e - a potion of curing
 f - a potion of heal wounds
 g - a potion of haste
 h - 2 potions of magic
 i - a potion of berserk rage
 T - a potion of might


   Skills:
 + Level 8.2 Fighting
 + Level 6.8 Polearms
 + Level 7.9 Armour
 - Level 1.1 Dodging
 + Level 8.1 Shields


You had 4 spell levels left.
You didn't know any spells.
Your spell library was empty.

Dungeon Overview and Level Annotations

Branches:
Dungeon (1/1)

Altars:


Innate Abilities, Weirdness & Mutations

You have a pair of horns on your head.
You reflexively headbutt those who attack you in melee.


Message History

You barely miss the ogre. The ogre hits you but does no damage.
You puncture the ogre! Your headbutt misses the ogre.
The ogre is heavily wounded.
The ogre hits you with a +0 giant club!
You hit the ogre. You headbutt the ogre!
You kill the ogre!
Your Fighting skill increases to level 8!
Your Polearms skill increases to level 6!
Your Dodging skill increases to level 1!
Your Shields skill increases to level 8!
There is an open door here.
Things that are here:
a +0 giant club; an ogre corpse; an adder corpse
There is an open door here.
Things that are here:
a +0 giant club; an ogre corpse; an adder corpse
Items here: ) †††.
There is an open door to the Dungeon here.
Adjust (i)tems, (s)pells, or (a)bilities?
T - a +0 scale mail (worn)
Adjust to which letter? (? for menu, Esc to quit)
c - a +0 scale mail (worn);
T - a +0 buckler (worn)
Adjust (i)tems, (s)pells, or (a)bilities?
T - a +0 buckler (worn)
Adjust to which letter? (? for menu, Esc to quit)
d - a +0 buckler (worn);
T - a potion of might Adjust (i)tems, (s)pells, or (a)bilities?
c - a +0 scale mail (worn)
Adjust to which letter? (? for menu, Esc to quit)
d - a +0 scale mail (worn);
c - a +0 buckler (worn)
Adjust (i)tems, (s)pells, or (a)bilities?
You don't have any such object.
Adjust which item? (? for menu, Esc to quit)
c - a +0 buckler (worn)
Adjust to which letter? (? for menu, Esc to quit)
m - a +0 buckler (worn)
There is an open door to the Dungeon here.
Okay, then.
There is a staircase leading out of the dungeon here.
You have escaped! ▓▓▓▓▓▓▓▓▓▓▓▓▓▓▓▓▓▓ +.....)....)'...@▓ ▓▓▓▓▓▓▓▓▓▓▓▓▓▓▓▓▓▓

There were no monsters in sight!

Vanquished Creatures
  An ice beast (D)
  An ogre (D)
  A howler monkey (D)
  An adder (D)
  2 dart slugs (D)
  A ribbon worm (D)
  A hobgoblin (D)
  A frilled lizard (D)
  A kobold (D)
10 creatures vanquished.

Notes
Turn   | Place    | Note
-------+----------+-------------------------------------------
     0 | D        | Heoruswealwe the Minotaur Fighter began the quest for the
                  | Orb.
     0 | D        | Reached XP level 1. HP: 19/19 MP: 0/0
    18 | D        | Reached XP level 2. HP: 28/28 MP: 1/1
    23 | D        | Noticed an ogre
    23 | D        | Noticed an ice beast
    23 | D        | Noticed a howler monkey
    30 | D        | Killed a howler monkey
    31 | D        | Reached skill level 5 in Fighting
    31 | D        | Reached skill level 5 in Armour
    31 | D        | Reached skill level 5 in Shields
    31 | D        | Reached XP level 3. HP: 37/37 MP: 2/2
    47 | D        | Killed an ice beast
    48 | D        | Reached skill level 5 in Polearms
    48 | D        | Reached XP level 4. HP: 35/47 MP: 3/3
    48 | D        | Reached XP level 5. HP: 39/52 MP: 4/4
    50 | D        | Killed an ogre
    51 | D        | Reached skill level 1 in Dodging
    69 | D        | Got out of the dungeon alive.

Illustrated notes

Levels and vault maps discovered:
D:        linesprint [early_d, line_temple, items_1, d_10, items_2, lair_1,
          lair_end, items_3, orc_1, orc_end, items_4, d_15, swamp_1, shoals_1,
          snake_1, spider_1, d_20, vaults_1, items_5, swamp_end, shoals_end,
          snake_end, spider_end, vaults_end, d_27, items_6, zot_1, zot_end,
          crypt_end, forest_end, elf_end, slime_end, tomb_end, abyss_end,
          pan_hell_end]

Skill      XL: |  1  2  3  4  5 |
---------------+----------------+-----
Fighting       | 4 5 7 8 |  8.2
Armour         | 4 5 7 |  7.9
Shields        | 4 5 7 8 |  8.1
Polearms       | 4 5 6 |  6.8
Dodging        | 1 |  1.1

Action                     |  1- 3 |  4- 6 || total
---------------------------+-------+-------++-------
  Melee: Trident           |    33 |     3 ||    36
         Headbutt          |     2 |     1 ||     3
 Armour: Scale mail        |    16 |     2 ||    18
  Dodge: Dodged            |    10 |       ||    10
  Block: Buckler           |     4 |       ||     4
